 Dungeon Crawl Stone Soup version 0.23-b1-59-g586d0d887c (webtiles) character file.

Game seed: 6534988627404387229

79 Gargoyl the Skirmisher (level 4, -4/38 HPs)
             Began as a Centaur Abyssal Knight on Feb 5, 2019.
             Was a Believer of Lugonu.
             Slain by Crazy Yiuf
             ... wielding a +4 quarterstaff of chaos
              (10 damage)
             ... on level 2 of the Dungeon.
             The game lasted 00:04:01 (2480 turns).

Gargoyl the Skirmisher (Centaur Abyssal Knight)     Turns: 2480, Time: 00:04:03

Health: -4/38      AC:  7    Str: 14    XL:     4   Next: 17%
Magic:  0/5        EV:  4    Int: 16    God:    Lugonu [**....]
Gold:   0          SH:  0    Dex: 10    Spells: 3/3 levels left

rFire    . . .     SeeInvis +   a - +1 hand axe
rCold    . . .     Gourm    .   (no shield)
rNeg     . . .     Faith    .   i - +0 chain mail
rPois    .         Spirit   +   (no helmet)
rElec    .         Reflect  .   j - scarf {Spirit}
rCorr    .         Harm     .   (no gloves)
MR       .....                  (no barding)
Stlth    ..........             (no amulet)
HPRegen  0.12/turn              d - ring of see invisible
MPRegen  0.09/turn              (no ring)

@: brilliant, lethally poisoned (-4 -> -19), flying, very quick
A: large, hooves 3, deformed body, speed 2, tough skin 3
a: Depart the Abyss, Bend Space, Renounce Religion


You were on level 2 of the Dungeon.
You worshipped Lugonu.
Lugonu was pleased with you.
You were hungry.

You visited 1 branch of the dungeon, and saw 2 of its levels.
You visited the Abyss 1 time.

Inventory:

Hand Weapons
 a - a +1 hand axe (weapon)
Armour
 i - a +0 chain mail (worn)
 j - a scarf of spirit shield (worn)
Jewellery
 d - a ring of see invisible (left hand)
Scrolls
 e - a scroll of identify
 f - a scroll of amnesia {unknown}
 h - a scroll of immolation {unknown}
 l - a scroll of noise {unknown}
Potions
 b - a potion of degeneration {unknown}
Comestibles
 c - 3 rations


   Skills:
 + Level 3.4 Fighting
 + Level 2.3 Axes
 * Level 2.2 Armour
 * Level 1.1 Dodging
 * Level 2.5 Invocations


You had 3 spell levels left.
You didn't know any spells.
Your spell library was empty.

Dungeon Overview and Level Annotations

Branches:
Dungeon (2/15)

Altars:

Annotations:
D:2 Crazy Yiuf


Innate Abilities, Weirdness & Mutations

You have hooves in place of feet.
Armour fits poorly on your strangely shaped body.
You cover ground very quickly.
You have extremely tough skin. (AC +3)


Message History

You are more poisoned.
You slash Crazy Yiuf! You kick Crazy Yiuf, but do no damage.
Crazy Yiuf is severely wounded.
You feel less confused.
You feel sick.
Crazy Yiuf hits you with a +4 quarterstaff of chaos.
You are electrocuted!
* * * LOW HITPOINT WARNING * * *
It was a potion of flight.
You feel very buoyant.
You fly up into the air.
* * * LOW HITPOINT WARNING * * *
You feel sick.
It was a potion of brilliance.
You feel clever all of a sudden.
* * * LOW HITPOINT WARNING * * *
You feel sick.
Crazy Yiuf says, "Iron!
Action blue shoe."
Crazy Yiuf hits you with a +4 quarterstaff of chaos!
You die...

..............# ##...##
#.###########.# #.....# #.# #.#
#.....# #.##### ### #.....#
......## #.....# .####..# #.....#
.# ##.###♣♣ ### #####.# .#
#.....♣♣ ♣♣#..)# #.# .#
#......♣♣♣♣@g...# #.# .#
##......♣..♣#...# ##). .#
##....♣.♣♣♣ ### #######... .#
###♣♣♣♣♣ #.....#.#. .# #..##.#.#.
.# ### ##.##.#.#. .#############
#.# ##.##.#.#.
.##..........####.# ###...#.#>#.
.##.###...........####....(..####


You could see Crazy Yiuf.

Vanquished Creatures
  A gnoll (D:2)
  An adder (D:2)
  An ooze (D:1)
  A worm (D:2)
  A leopard gecko (D:2)
  2 giant cockroaches
  9 goblins
  10 hobgoblins
  4 jackals
  4 kobolds
  7 bats
  A frilled lizard (D:1)
  4 rats
46 creatures vanquished.

Notes
Turn   | Place    | Note
-------+----------+-------------------------------------------
     0 | Abyss:1  | Gargoyl the Centaur Abyssal Knight began the quest for the
                  | Orb.
     0 | Abyss:1  | Reached XP level 1. HP: 19/19 MP: 2/2
    42 | Abyss:1  | Noticed a raiju
    64 | Abyss:1  | Noticed a small abomination
    77 | Abyss:1  | Noticed a polar bear
    89 | Abyss:1  | Noticed a small abomination
    98 | Abyss:1  | Noticed a yak
   119 | Abyss:1  | Noticed a large abomination
   351 | Abyss:1  | Noticed a lich
   369 | D:1      | Escaped the Abyss
   405 | D:1      | Reached * piety under Lugonu
   493 | D:1      | Reached XP level 2. HP: 8/26 MP: 3/3
  1049 | D:1      | Reached skill level 1 in Dodging
  1051 | D:1      | Reached XP level 3. HP: 28/31 MP: 4/4
  1637 | D:2      | Found a runed translucent door.
  1638 | D:2      | Noticed Crazy Yiuf
  1831 | D:2      | Reached ** piety under Lugonu
  1898 | D:2      | Reached XP level 4. HP: 38/38 MP: 5/5
  2480 | D:2      | Slain by Crazy Yiuf

Skill      XL: |  1  2  3 |
---------------+----------+-----
Axes           | 2 |  2.3
Dodging        | 1 |  1.1
Armour         | 2 |  2.2
Fighting       | |  3.4
Invocations    | |  2.5

Action                   |  1- 3 |  4- 6 || total
-------------------------+-------+-------++-------
Melee: Hand axe          |   110 |    18 ||   128
       Kick              |    19 |     1 ||    20
Invok: Depart the Abyss  |     1 |       ||     1
  Use: Scroll            |     1 |       ||     1
       Potion            |       |     2 ||     2
  Eat: Chunk             |     2 |     1 ||     3
Armor: Leather armour    |    19 |       ||    19
       Chain mail        |    65 |    11 ||    76
Dodge: Dodged            |    40 |     3 ||    43
